 Dungeon Crawl Stone Soup version 0.20.1-2-g1830e616b0 (webtiles) character file.

2282 Pixllover the Basher (level 9, -3/70 HPs)
             Began as a Minotaur Berserker on Oct 4, 2019.
             Was an Elder of Trog.
             Slain by a wight
             ... wielding a +0 war axe
              (6 damage)
             ... on level 7 of the Dungeon on Oct 5, 2019.
             The game lasted 00:16:36 (5549 turns).

Pixllover the Basher (Minotaur Berserker)           Turns: 5549, Time: 00:16:38

Health: -3/70      AC: 13    Str: 24    XL:     9   Next: 16%
Magic:  8/8        EV: 12    Int:  4    God:    Trog [****..]
Gold:   256        SH:  0    Dex: 11    Spells: 8/8 levels left

rFire    + . .     SeeInvis .   o - +4 flail (drain)
rCold    . . .     Gourm    +   (no shield)
rNeg     + . .     Faith    .   n - +2 scale mail {rF+}
rPois    .         Spirit   .   (helmet restricted)
rElec    .         Reflect  .   d - +1 cloak
rCorr    +         Harm     .   u - +0 pair of gloves
MR       .....                  (no boots)
Stlth    ..........             q - amulet of the gourmand
Regen    0.3/turn               e - ring of resist corrosion
MPRegen  0.2/turn               v - ring of positive energy

@: drained
A: retaliatory headbutt, horns 2, frail 1, sense surroundings 1
a: Berserk, Trog's Hand, Brothers in Arms, Burn Spellbooks, Renounce Religion


You were on level 7 of the Dungeon.
You worshipped Trog.
Trog was greatly pleased with you.
You were very full.

You visited 1 branch of the dungeon, and saw 7 of its levels.

You collected 256 gold pieces.

Inventory:

Hand Weapons
 o - a +4 flail of draining (weapon)
Armour
 d - a +1 cloak (worn)
 n - a +2 scale mail of fire resistance (worn)
 u - a +0 pair of gloves (worn)
Jewellery
 e - a ring of resist corrosion (left hand)
 q - an amulet of the gourmand (around neck)
 v - a ring of positive energy (right hand)
Wands
 p - a wand of confusion (35/48)
 y - a wand of lightning (6/15)
 B - a wand of flame (22/48)
Scrolls
 a - a scroll of vulnerability {unknown}
 f - a scroll of fog
 i - a scroll of fear
 j - a scroll of recharging
 k - 3 scrolls of enchant weapon
 l - a scroll of remove curse
 r - 2 scrolls of magic mapping
 w - a scroll of enchant armour
 x - a scroll of identify
Potions
 b - a potion of ambrosia
 g - a potion of curing
 h - 3 potions of agility
 m - 2 potions of haste {unknown}
 s - 2 potions of brilliance
Comestibles
 c - 2 bread rations
 t - 4 chunks of flesh
 A - 2 royal jellies


   Skills:
 + Level 6.6(6.4) Fighting
   Level 5.8(8.1) Axes
 + Level 9.0(9.6) Maces & Flails
 + Level 7.6(7.4) Armour
 + Level 4.6(4.4) Dodging
 + Level 1.6(1.5) Stealth


You had 8 spell levels left.
You didn't know any spells.

Dungeon Overview and Level Annotations

Branches:
Dungeon (7/15)             Temple (0/1) D:4

Altars:
Ashenzari
Cheibriados
Elyvilon
Kikubaaqudgha
Nemelex Xobeh


Innate Abilities, Weirdness & Mutations

You reflexively headbutt those who attack you in melee.
You have a pair of horns on your head.
You are frail. (-10% HP)
You passively map a small area around you.


Message History

The wight freezes you.
The wight hits you with an enchanted battleaxe!
* * * LOW HITPOINT WARNING * * *
You sock the wight!
You destroy the wight!
Trog accepts your kill. The wight hits you with a war axe.
* * * LOW HITPOINT WARNING * * *
The wight hits you but does no damage.
You closely miss the wight. The wight hits you with a war axe!
* * * LOW HITPOINT WARNING * * *
The wight closely misses you.
You hit the wight.
The wight is moderately damaged.
The wight hits you with a dagger of freezing.
* * * LOW HITPOINT WARNING * * *
You partially resist.
You feel drained. The wight freezes you.
* * * LOW HITPOINT WARNING * * *
The wight hits you with a war axe.
You die...

* * ### ,, ..###
* *,.%..# **
#.#.# , , #
#.#.#,, .
#####.#)#.#,,...
** ,
......#)#.#.....
* ,
......z@).......
+
#######z#.#.....
, , *# * #.#.#
,... , * .,
#.#.# #
#.#####.#.#,
#.#.....#.. , *
#.#.#####.. * *
#####..........
,
...............
, ,


You could see 2 wights.

Vanquished Creatures
  Prince Ribbit (D:7)
  The ghost of Merkmirnix the Skirmisher, an amateur DsBe of Trog (D:3)
  A sky beast (D:6)
  The ghost of eoipjurhbg the Covert, an amateur FeEn (D:4)
  3 orc warriors
  2 ice beasts
  A black bear (D:6)
  A centaur (D:5)
  4 bullfrogs
  2 scorpions
  2 wights (D:7)
  A howler monkey (D:5)
  2 orc priests (D:7)
  2 crimson imps
  3 jellies
  2 hounds
  3 orc wizards
  2 bullfrog skeletons
  An iguana (D:5)
  2 worker ants (D:6)
  A hound skeleton (D:4)
  A worker ant zombie (D:4)
  5 adders
  A howler monkey skeleton (D:3)
  An ooze (D:7)
  An adder zombie (D:6)
  4 worms
  5 leopard geckos
  18 orcs
  A ball python (D:4)
  5 bats
  4 giant cockroaches
  10 goblins
  3 hobgoblins
  3 quokkas
  5 frilled lizards
  8 kobolds
  11 rats
124 creatures vanquished.

Notes
Turn   | Place    | Note
-------+----------+-------------------------------------------
     0 | D:1      | Pixllover the Minotaur Berserker began the quest for the Orb.
     0 | D:1      | Reached XP level 1. HP: 19/19 MP: 0/0
   264 | D:1      | Reached XP level 2. HP: 22/27 MP: 1/1
  1130 | D:2      | Reached ** piety under Trog
  1134 | D:2      | Reached XP level 3. HP: 31/34 MP: 2/2
  1458 | D:2      | Found an ancient bone altar of Kikubaaqudgha.
  2212 | D:3      | Reached XP level 4. HP: 32/41 MP: 3/3
  2337 | D:3      | Noticed Merkmirnix's ghost (amateur DsBe)
  2346 | D:3      | Killed Merkmirnix's ghost
  2346 | D:3      | Reached skill level 5 in Fighting
  2346 | D:3      | Reached skill level 5 in Axes
  2346 | D:3      | Reached XP level 5. HP: 43/48 MP: 4/4
  2704 | D:4      | Reached XP level 6. HP: 50/56 MP: 5/5
  2800 | D:4      | Found a staircase to the Ecumenical Temple.
  2811 | D:4      | Reached skill level 1 in Maces & Flails
  2838 | D:4      | Noticed eoipjurhbg's ghost (amateur FeEn)
  2858 | D:4      | Killed eoipjurhbg's ghost
  2858 | D:4      | Reached skill level 2 in Maces & Flails
  3408 | D:4      | Reached *** piety under Trog
  3505 | D:5      | Entered Level 5 of the Dungeon
  3519 | D:5      | Reached skill level 5 in Armour
  3541 | D:5      | Reached skill level 3 in Maces & Flails
  3580 | D:5      | Noticed an ice beast
  3588 | D:5      | Killed an ice beast
  3588 | D:5      | Reached XP level 7. HP: 61/61 MP: 6/6
  3800 | D:5      | Reached skill level 4 in Maces & Flails
  3852 | D:5      | Reached skill level 1 in Stealth
  4091 | D:5      | Gained mutation: You are frail. (-10% HP) [potion of mutation]
  4091 | D:5      | Gained mutation: You passively map a small area around you. [potion of mutation]
  4306 | D:5      | Found a sparkling altar of Nemelex Xobeh.
  4306 | D:5      | Found a snail-covered altar of Cheibriados.
  4443 | D:6      | Reached skill level 5 in Maces & Flails
  4611 | D:6      | Reached XP level 8. HP: 56/61 MP: 7/7
  4614 | D:6      | Reached skill level 6 in Maces & Flails
  4623 | D:6      | Found a shattered altar of Ashenzari.
  4959 | D:6      | Found a white marble altar of Elyvilon.
  4970 | D:6      | Reached **** piety under Trog
  4975 | D:6      | Reached skill level 7 in Maces & Flails
  5395 | D:7      | Noticed Prince Ribbit
  5406 | D:7      | Reached skill level 8 in Maces & Flails
  5431 | D:7      | Killed Prince Ribbit
  5431 | D:7      | Reached XP level 9. HP: 39/70 MP: 8/8
  5539 | D:7      | Reached skill level 9 in Maces & Flails
  5549 | D:7      | HP: 3/70 [wight/dagger of freezing (1)]
  5549 | D:7      | Slain by a wight

Skill      XL: |  1  2  3  4  5  6  7  8  9 |
---------------+----------------------------+-----
Fighting       | 4 5 6 |  6.6
Axes           | 4 5 |  5.8
Armour         | 3 4 5 6 7 |  7.6
Dodging        | 3 4 |  4.6
Maces & Flails | 3 5 8 9 |  9.0
Stealth        | 1 |  1.6

Action                   |  1- 3 |  4- 6 |  7- 9 || total
-------------------------+-------+-------+-------++-------
Melee: Hand axe          |    94 |       |       ||    94
       Headbutt          |    15 |     4 |    32 ||    51
       Flail             |       |    69 |   151 ||   220
Invok: Burn Spellbooks   |       |       |     2 ||     2
  Use: Scroll            |     8 |     3 |     2 ||    13
       Potion            |     1 |     1 |     7 ||     9
  Eat: Chunk             |    12 |    11 |     6 ||    29
Armor: Ring mail         |    19 |       |       ||    19
       Scale mail        |    25 |    29 |    86 ||   140
Dodge: Dodged            |    63 |    29 |   102 ||   194
